 Dungeon Crawl Stone Soup version 0.19.4-9-g45fd643 (webtiles) character file.

12386 Steam the Thaumaturge (level 11, -5/90 HPs)
             Began as a Gargoyle Earth Elementalist on Feb 18, 2017.
             Was an Elder of Vehumet.
             Slain by Snorg (11 damage)
             ... on level 10 of the Dungeon on Feb 21, 2017.
             The game lasted 01:22:20 (18017 turns).

Steam the Thaumaturge (GrEE)                       Turns: 18017, Time: 01:22:21

Health: -5/90      AC: 25    Str: 13    XL:     11   Next: 92%
Magic:  5/27       EV:  2    Int: 18    God:    Vehumet [****..]
Gold:   435        SH:  0    Dex: 16    Spells: 5 memorised, 18 levels left

rFire  . . .     SeeInvis .     b - 65 stones
rCold  . . .     Gourm    +     (armour currently unavailable)
rNeg   + + +     Faith    .     (no shield)
rPois  ∞         Spirit   .     (helmet currently unavailable)
rElec  .         Reflect  .     (cloak currently unavailable)
rCorr  .         Harm     .     (gloves currently unavailable)
MR     +....     NoTele   +     (boots currently unavailable)
Stlth  ++........               S - amulet of the gourmand
                                A - +6 ring of dexterity
                                f - ring of protection from magic

@: tree-form
A: negative energy resistance 1, (electricity resistance), (unbreathing),
petrification resistance, rot immunity, AC +7
a: Renounce Religion


You were on level 10 of the Dungeon.
You worshipped Vehumet.
Vehumet was greatly pleased with you.
You were very full.
You were a tree.
You visited 2 branches of the dungeon, and saw 11 of its levels.

You collected 615 gold pieces.
You spent 180 gold pieces at shops.

Inventory:

Hand Weapons
 N - the +6 whip "Wamyten" {drain, rN+ Dex+7}
   (You took it off an orc on level 6 of the Dungeon)

   A truly terrible weapon, it drains the life of those it strikes.
   It affects your dexterity (+7).
   It protects you from negative energy.
 O - a +0 arbalest of freezing
 T - a +0 long sword
Missiles
 b - 65 stones (in branch)
 k - 38 poisoned needles
 n - 8 curare-tipped needles
Armour
 a - a +2 helmet (melded)
 r - a +2 cloak (melded)
 D - a +2 leather armour of cold resistance (melded)
Rods
 p - a +0 rod of ignition (10/10)
   (You found it on level 8 of the Dungeon)
Jewellery
 f - a ring of protection from magic (left branch)
 u - a +3 ring of evasion
 A - a +6 ring of dexterity (right branch)
 P - an uncursed ring of protection from fire
 S - an amulet of the gourmand (around neck)
 V - an uncursed ring of see invisible
Wands
 x - a wand of confusion (13/48)
 y - a wand of disintegration (2/24)
 W - a wand of lightning (9/15)
Scrolls
 c - 3 scrolls of identify
 l - a scroll of enchant weapon {unknown}
 o - 7 scrolls of remove curse
 q - a scroll of summoning {unknown}
 s - 3 scrolls of noise {unknown}
 z - 2 scrolls of magic mapping
 E - a scroll of fear
 F - a scroll of fog
 I - a scroll of teleportation
 J - 2 scrolls of recharging {unknown}
 U - 2 scrolls of enchant armour
 X - a scroll of amnesia
Potions
 h - 2 potions of ambrosia
 j - 2 potions of agility
 t - a potion of lignification
 v - 3 potions of curing
 w - 3 potions of flight
 B - 2 potions of might
 C - a potion of resistance {unknown}
 G - a potion of haste {unknown}
 H - a potion of mutation {unknown}
 Q - 3 potions of degeneration {unknown}
 R - a potion of brilliance {unknown}
Books
 e - a book of Geomancy

   Spells                             Type                      Level
   a - Sandblast                      Earth                        1
   b - Passwall                       Transmutation/Earth          2
   c - Stone Arrow                    Conjuration/Earth            3
   d - Petrify                        Transmutation/Earth          4
   e - Lee's Rapid Deconstruction     Earth                        5
 L - a book of Dreams

   Spells                             Type                      Level
   a - Ensorcelled Hibernation        Hexes/Ice                    2
   b - Silence                        Hexes/Air                    5
   c - Darkness                       Hexes                        6
   d - Shadow Creatures               Summoning                    6
 Y - a book of Minor Magic

   Spells                             Type                      Level
   a - Magic Dart                     Conjuration                  1
   b - Blink                          Translocation                2
   c - Call Imp                       Summoning                    2
   d - Repel Missiles                 Charms/Air                   2
   e - Slow                           Hexes                        2
   f - Conjure Flame                  Conjuration/Fire             3
   g - Mephitic Cloud                 Conjuration/Poison/Air       3
Comestibles
 d - 8 bread rations
 g - 2 meat rations
 i - a beef jerky
 m - 8 royal jellies
 M - 2 chunks of flesh
 Z - 2 slices of pizza


   Skills:
 + Level 3.8 Fighting
 - Level 5.0 Maces & Flails
 - Level 1.7 Dodging
 - Level 2.4 Stealth
 * Level 12.5 Spellcasting
 + Level 8.8 Conjurations
 - Level 0.7 Transmutations
 + Level 9.5 Earth Magic


You had 18 spell levels left.
You knew the following spells:

 Your Spells              Type           Power        Failure   Level  Hunger
a - Sandblast             Erth           #####.       1%          1    None
b - Stone Arrow           Conj/Erth      #####.       1%          3    None
c - Petrify               Tmut/Erth      ####....     10%         4    ##.....
d - Iskenderun's Mystic   Conj           #####...     1%          4    ##.....
e - Lee's Rapid Deconstr  Erth           #####.....   1%          5    ####...


Dungeon Overview and Level Annotations

Branches:
Dungeon (10/15)            Temple (1/1) D:4             Orc (0/2) D:9
   Lair: D:8-11

Altars:
Ashenzari
Cheibriados
Dithmenos
Elyvilon
Fedhas
Gozag
Hepliaklqana
Kikubaaqudgha
Makhleb
Nemelex Xobeh
Okawaru
Qazlal
Ru
Sif Muna
Trog
Uskayaw
Vehumet
Xom
Yredelemnul
Zin
The Shining One

Shops:
D:9 =

Annotations:
D:2 exclusion: downstairs
D:4 exclusion: downstairs
D:7 Menkaure
D:10 2 exclusions, Snorg, Urug


Innate Abilities, Weirdness & Mutations

You are resistant to torment.
((Your stone body is resilient. (AC +7)))
You are immune to poison.
You resist negative energy. (rN+)
((You are resistant to electric shocks. (rElec)))
((You can survive without breathing.))
You are immune to petrification.
You are immune to rotting.


Message History

You feel better. Snorg bites you. Snorg barely misses you.
Snorg claws you but does no damage. Snorg bites you!
* * * LOW HITPOINT WARNING * * *
Snorg claws you but does no damage. x2
Evoke which item? (* to show all) (? for menu, Esc to quit)
Zapping:
y - a wand of disintegration (4/24)
Press: ? - help, Shift-Dir - straight line, f/p - Snorg
Aim: Snorg (severely wounded, berserk, fast, unusually strong, chance to defeat MR: 30%) Snorg is blasted.
This wand has 3 charges left.
Snorg bites you!
* * * LOW HITPOINT WARNING * * *
Snorg claws you.
* * * LOW HITPOINT WARNING * * *
Snorg claws you!
* * * LOW HITPOINT WARNING * * *
Evoke which item? (* to show all) (? for menu, Esc to quit)
Zapping:
y - a wand of disintegration (3/24)
Press: ? - help, Shift-Dir - straight line, f/p - Snorg
Aim: Snorg (almost dead, berserk, fast, unusually strong, chance to defeat MR: 30%) Snorg is blasted.
This wand has 2 charges left.
Snorg bites you!
You die...

#..........
############T######
#...#...# #.#
#...#...# #.#
#...#...# #.#
#...#[..###..#
#............#
##............#
#<.♣T.........#
##............#
#............##
#.............#
####..........#
#..........#
#..........####
#.#+##.)#.....#
#.#.###.......#


You could see Snorg (berserk).

Vanquished Creatures
  A hill giant (D:9)
  Joseph (D:10)
  Psyche (D:8)
  A queen bee (D:9)
  Prince Ribbit (D:7)
  4 trolls
  A hornet (D:9)
  A two-headed ogre (D:9)
  A hippogriff (D:8)
  10 yaks
  5 sky beasts
  3 ice beasts
  A black bear (D:7)
  13 orc warriors
  14 ogres
  A phantom (D:7)
  A crocodile (D:7)
  4 centaurs
  3 big kobolds
  7 bullfrogs
  5 scorpions
  16 killer bees
  4 wights (D:9)
  2 electric eels (D:9)
  5 howler monkeys
  5 crimson imps
  2 bullfrog zombies
  2 centaur zombies (D:6)
  12 orc priests
  6 hounds
  5 jellies
  2 bullfrog skeletons
  2 gnoll shamans (D:8)
  6 iguanas
  12 orc wizards
  12 worker ants
  A killer bee zombie (D:9)
  A hound skeleton (D:6)
  A howler monkey zombie (D:6)
  2 worker ant zombies
  10 gnolls (D:8)
  7 adders
  2 shadow imps
  An ooze (D:1)
  4 adder zombies
  An adder skeleton (D:8)
  2 worms
  A dart slug (D:1)
  8 leopard geckos
  57 orcs
  7 giant cockroaches
  4 goblins
  5 hobgoblins
  10 jackals
  3 quokkas
  17 bats
  6 frilled lizards
  11 kobolds
  A quokka skeleton (D:7)
  8 rats
342 creatures vanquished.

Vanquished Creatures (others)
  A bush (D:8)
  10 fungi (D:8)
  17 plants (D:8)
28 creatures vanquished.

Grand Total: 370 creatures vanquished

Notes
Turn   | Place    | Note
-------+----------+-------------------------------------------
     0 | D:1      | Steam the Gargoyle Earth Elementalist began the quest for the Orb.
     0 | D:1      | Reached XP level 1. HP: 10/10 MP: 3/3
   291 | D:1      | Reached XP level 2. HP: 5/15 MP: 0/5
   941 | D:1      | Reached XP level 3. HP: 19/19 MP: 4/6
  2037 | D:3      | Reached skill level 3 in Spellcasting
  2038 | D:3      | Reached XP level 4. HP: 24/24 MP: 5/8
  2309 | D:4      | Found a staircase to the Ecumenical Temple.
  2315 | Temple   | Entered the Ecumenical Temple
  2370 | Temple   | Became a worshipper of Vehumet
  2424 | D:4      | Found a shimmering altar of Xom.
  2665 | D:4      | Reached skill level 5 in Earth Magic
  2665 | D:4      | Reached XP level 5. HP: 26/28 MP: 3/10
  2982 | D:5      | Entered Level 5 of the Dungeon
  3152 | D:5      | Noticed an ogre
  3386 | D:5      | Noticed an ogre
  3408 | D:4      | Reached skill level 4 in Spellcasting
  3553 | D:5      | Reached XP level 6. HP: 32/32 MP: 8/12
  3799 | D:4      | Noticed an ice beast
  3812 | D:4      | Killed an ice beast
  3929 | D:4      | Reached XP level 7. HP: 36/36 MP: 11/14
  4078 | D:3      | Reached * piety under Vehumet
  4078 | D:3      | Offered knowledge of Magic Dart by Vehumet.
  4081 | D:3      | Reached skill level 5 in Spellcasting
  4301 | D:3      | Learned a level 3 spell: Stone Arrow
  4306 | D:3      | Learned a level 4 spell: Petrify
  4468 | D:3      | Found a bloodstained altar of Trog.
  4716 | D:3      | Offered knowledge of Searing Ray by Vehumet.
  4760 | D:3      | Reached ** piety under Vehumet
  6051 | D:6      | Reached skill level 6 in Spellcasting
  6051 | D:6      | Reached XP level 8. HP: 37/41 MP: 12/17
  6487 | D:6      | Reached skill level 1 in Conjurations
  6791 | D:6      | Offered knowledge of Inner Flame by Vehumet.
  6791 | D:6      | Reached skill level 7 in Spellcasting
  7265 | D:6      | Got a steaming whip {drain}
  7266 | D:6      | Identified the +6 whip "Wamyten" {drain, rN+ Dex+7} (You took it off an orc on level 6 of the Dungeon)
  7338 | D:6      | Reached *** piety under Vehumet
  7387 | D:6      | Reached skill level 1 in Maces & Flails
  7591 | D:7      | Reached XP level 9. HP: 45/45 MP: 14/20
  7852 | D:7      | Offered knowledge of Iskenderun's Mystic Blast by Vehumet.
  7852 | D:7      | Reached skill level 8 in Spellcasting
  7953 | D:6      | Learned a level 4 spell: Iskenderun's Mystic Blast
  7991 | D:7      | Noticed Menkaure
  8456 | D:7      | Noticed Prince Ribbit
  9128 | D:5      | Found a glowing golden altar of the Shining One.
  9311 | D:7      | Killed Prince Ribbit
  9561 | D:7      | Reached **** piety under Vehumet
  9697 | D:7      | Reached skill level 5 in Maces & Flails
  9906 | D:7      | Reached skill level 9 in Spellcasting
 10081 | D:7      | Reached skill level 5 in Conjurations
 10158 | D:8      | Offered knowledge of Bolt of Magma by Vehumet.
 10163 | D:8      | Reached XP level 10. HP: 48/50 MP: 7/23
 11364 | D:8      | Reached skill level 10 in Spellcasting
 11450 | D:8      | Noticed Psyche
 11743 | D:9      | Reached ***** piety under Vehumet
 11743 | D:9      | Offered knowledge of Iron Shot by Vehumet.
 11760 | D:8      | HP: 1/50 [killer bee (4)]
 12166 | D:9      | Noticed a hill giant
 12489 | D:9      | Found Gurat's Jewellery Shoppe.
 12495 | D:9      | Bought an uncursed ring of see invisible for 180 gold pieces
 12648 | D:9      | Learned a level 5 spell: Lee's Rapid Deconstruction
 13094 | D:8      | Found a blossoming altar of Fedhas.
 13094 | D:8      | Found a stormy altar of Qazlal.
 13151 | D:8      | Reached skill level 11 in Spellcasting
 13507 | D:8      | Reached XP level 11. HP: 54/54 MP: 14/26
 13627 | D:8      | Killed Psyche
 14509 | D:8      | Identified a +0 rod of ignition (10/10) (You found it on level 8 of the Dungeon)
 14879 | D:9      | Found a shadowy altar of Dithmenos.
 15244 | D:9      | Reached skill level 1 in Fighting
 15713 | D:9      | Killed a hill giant
 16052 | D:9      | Found a staircase to the Orcish Mines.
 16309 | D:9      | Reached skill level 12 in Spellcasting
 17181 | D:10     | Entered Level 10 of the Dungeon
 17559 | D:10     | Noticed Urug
 17970 | D:10     | Noticed Joseph
 17972 | D:10     | Noticed Snorg
 17983 | D:10     | Killed Joseph
 18017 | D:10     | Slain by Snorg

Skill      XL: |  1  2  3  4  5  6  7  8  9 10 11 |
---------------+----------------------------------+-----
Earth Magic    | 4 5 6 8 9 |  9.5
Spellcasting   | 3 4 6 7 9 11 12 | 12.5
Conjurations   | 3 5 7 8 |  8.8
Maces & Flails | 1 5 |  5.0
Fighting       | 3 |  3.8
Dodging        | |  1.7
Stealth        | |  2.4
Transmutations | |  0.7

Action                   |  1- 3 |  4- 6 |  7- 9 | 10-12 || total
-------------------------+-------+-------+-------+-------++-------
Melee: Unarmed           |       |       |     1 |       ||     1
       Whip              |       |       |    49 |       ||    49
 Cast: Sandblast         |    61 |    57 |   189 |    24 ||   331
       Stone Arrow       |       |       |    70 |   222 ||   292
       Iskenderun's Myst |       |       |    12 |    39 ||    51
       Lee's Rapid Decon |       |       |       |    54 ||    54
Evoke: Wand              |       |     3 |     5 |     3 ||    11
  Use: Scroll            |     9 |     3 |    12 |     3 ||    27
       Potion            |       |       |       |     6 ||     6
  Eat: Chunk             |     3 |     7 |    11 |    42 ||    63
       Fruit             |       |       |     2 |       ||     2
       Meat ration       |       |       |     1 |       ||     1
       Pizza             |       |       |     1 |       ||     1
       Beef jerky        |       |       |       |     2 ||     2
Armor: Robe              |    20 |     5 |     3 |       ||    28
       Leather armour    |       |       |    80 |    82 ||   162
       Skin              |       |       |       |     5 ||     5
Dodge: Dodged            |    36 |    18 |   158 |   115 ||   327
